 Dungeon Crawl Stone Soup version 0.18-a0-775-g4d9e04e (webtiles) character file.

879686 chonchonts the Invulnerable (level 27, -4/277 (288) HPs)
             Began as a Minotaur Fighter on Dec 13, 2015.
             Was the Champion of Ru.
             Killed from afar by a Brimstone Fiend (40 damage)
             ... with a blast of hellfire
             ... created by the effects of Hell
             ... on level 6 of Gehenna.
             The game lasted 05:58:54 (99901 turns).

chonchonts the Invulnerable (Minotaur Fighter)     Turns: 99901, Time: 05:58:54

HP:   -4/277 (288)  AC: 44    Str: 45    XL:     27
MP:   44/52         EV: 32    Int: 11    God:    Ru [******]
Gold: 5036          SH:  0    Dex: 26    Spells: 6 memorised, 38 levels left

rFire  + . .     SeeInvis +     r - +11 battleaxe "Aliuvej" {chop, *Drain rF+ rN+++ Int-4 Dex+5}
rCold  + . .     Rnd*Rage +     o - +10 plate armour "Douk" {rElec Regen+}
rNeg   + + +     SustAt   .     (shield currently unavailable)
rPois  +         Gourm    .     m - +3 crown of Dyrovepreva {rElec Int+2 SInv}
rElec  +         Spirit   .     s - +2 cloak
rCorr  .         Dismiss  .     C - +2 pair of gloves of the Spider Nest {Str+7 Int+5}
rMut   .         Stasis   .     a - +0 pair of boots of Ompegod {Str+7}
MR     ++...                    V - amulet of Vitality {Regen+ HP+15}
Stlth  ..........               n - ring of Woacvaeqax {rPois rC+ MP+9 Str+4 Dex+2}
                                U - ring of Allum {rPois EV-2 Str+6 Int+3 Stlth-}

@: exhausted, drained, very resistant to hostile enchantments, extremely
unstealthy
A: retaliatory headbutt, horns 2, berserk 1, clumsy 1, mutation resistance 1,
screaming 1, weak 1, no stealth, inability to use devices, hated by all, no
earth magic, no necromancy magic, no summoning magic, disrupted magic 1,
unskilled 1
a: Draw Out Power, Power Leap, Apocalypse, Renounce Religion
}: 4/15 runes: barnacled, silver, icy, gossamer


You were on level 6 of Gehenna.
You worshipped Ru.
Ru was exalted by your worship.
You were not hungry.

You visited 15 branches of the dungeon, and saw 75 of its levels.
You also visited: Labyrinth.

You collected 9576 gold pieces.
You spent 4540 gold pieces at shops.

Inventory:

Hand Weapons
 p - the +8 morningstar of Judgement {flame, rElec MR+ Str-2 Int+5 SInv}
   (You found it on level 3 of the Realm of Zot)

   It has been specially enchanted to burn those struck by it, causing extra
   injury to most foes and up to half again as much damage against particularly
   susceptible opponents.
   It affects your strength (-2).
   It affects your intelligence (+5).
   It insulates you from electricity.
   It affects your resistance to hostile enchantments.
   It lets you see invisible.
 r - the +11 battleaxe "Aliuvej" (weapon) {chop, *Drain rF+ rN+++ Int-4 Dex+5}
   (You bought it in a shop on level 1 of the Shoals)

   It inflicts extra damage upon your enemies.
   It affects your intelligence (-4).
   It affects your dexterity (+5).
   It protects you from fire.
   It renders you almost immune to negative energy.
   It causes draining when unequipped.
Armour
 a - the +0 pair of boots of Ompegod (worn) {Str+7}
   (You acquired it on level 4 of the Vaults)

   It affects your strength (+7).
 m - the +3 crown of Dyrovepreva (worn) {rElec Int+2 SInv}
   (You found it on level 5 of the Vaults)

   It affects your intelligence (+2).
   It insulates you from electricity.
   It lets you see invisible.
 o - the +10 plate armour "Douk" (worn) {rElec Regen+}
   (You bought it in a shop on level 9 of the Dungeon)

   It insulates you from electricity.
   It increases your rate of regeneration.
 s - a +2 cloak (worn)
 C - the +2 pair of gloves of the Spider Nest (worn) {Str+7 Int+5}
   (You acquired it on level 4 of the Lair of Beasts)

   It affects your strength (+7).
   It affects your intelligence (+5).
Jewellery
 i - a +2 amulet of reflection
 j - an uncursed ring of sustain attributes {unknown}
 n - the ring of Woacvaeqax (right hand) {rPois rC+ MP+9 Str+4 Dex+2}
   (You found it on level 5 of the Dungeon)

   [ring of magical power]

   It affects your strength (+4).
   It affects your dexterity (+2).
   It protects you from cold.
   It protects you from poison.
   It affects your magic capacity (+9).
 q - the amulet "Huggeajo" {rF+ Regen+}
   (You acquired it on level 2 of the Lair of Beasts)

   [amulet of regeneration]

   It protects you from fire.
   It increases your rate of regeneration.
 E - an uncursed ring of wizardry {unknown}
 U - the ring of Allum (left hand) {rPois EV-2 Str+6 Int+3 Stlth-}
   (You found it on level 2 of the Spider Nest)

   [ring of evasion]

   It affects your evasion (-2).
   It affects your strength (+6).
   It affects your intelligence (+3).
   It protects you from poison.
   It makes you less stealthy.
 V - the amulet of Vitality (around neck) {Regen+ HP+15}
   (You took it off a vault warden on level 5 of the Vaults)

   [amulet of regeneration]

   It affects your health (+15).
   It increases your rate of regeneration.
Scrolls
 b - 15 scrolls of identify
 c - 2 scrolls of silence
 d - 8 scrolls of fear
 k - 22 scrolls of remove curse
 t - 10 scrolls of enchant weapon
 A - 7 scrolls of enchant armour
 J - a scroll of blinking
 N - 7 scrolls of fog
 P - 7 scrolls of magic mapping
 Q - 7 scrolls of amnesia
Potions
 g - 5 potions of cancellation
 h - a potion of berserk rage
 w - 9 potions of curing
 D - a potion of resistance
 F - 2 potions of invisibility
 H - a potion of flight
 I - 6 potions of brilliance
 W - a potion of agility
Books
 e - a book of Conjurations

   Spells                             Type                      Level
   a - Magic Dart                     Conjuration                  1
   b - Searing Ray                    Conjuration                  2
   c - Dazzling Spray                 Conjuration/Hexes            3
   d - Fulminant Prism                Conjuration/Hexes            4
   e - Iskenderun's Mystic Blast      Conjuration                  4
   f - Iskenderun's Battlesphere      Conjuration/Charms           5
 u - a book of Ice

   Spells                             Type                      Level
   a - Ice Form                       Ice/Transmutation            4
   b - Metabolic Englaciation         Hexes/Ice                    5
   c - Ozocubu's Refrigeration        Ice                          6
   d - Bolt of Cold                   Conjuration/Ice              6
   e - Freezing Cloud                 Conjuration/Ice/Air          6
   f - Simulacrum                     Ice/Necromancy               6
 y - the Almanac of the Ashen Entourage
   (You found it on level 7 of Cocytus)

   Spells                             Type                      Level
   a - Summon Small Mammal            Summoning                    1
   b - Stoneskin                      Transmutation/Earth          2
   c - Call Canine Familiar           Summoning                    3
   d - Summon Ice Beast               Ice/Summoning                4
   e - Bolt of Magma                  Conjuration/Fire/Earth       5
   f - Summon Demon                   Summoning                    5
Comestibles
 f - 8 bread rations
 l - 6 beef jerkies
 v - 17 meat rations
 x - 7 slices of pizza
 z - 59 fruits
 B - 13 royal jellies


   Skills:
 O Level 27(25.1) Fighting
 - Level 19.6(18.8) Axes
 - Level 11.8(15.4) Maces & Flails
 O Level 27(25.1) Armour
 O Level 27(25.1) Dodging
   Level 3.3(2.2) Shields
 * Level 17.3(15.7) Spellcasting
 + Level 6.1(4.9) Conjurations
 - Level 3.2(2.1) Hexes
 - Level 3.4(2.3) Charms
 - Level 7.3(6.1) Translocations
   Level 6.0(4.8) Transmutations
   Level 1.1(0.1) Fire Magic
 - Level 1.9(0.8) Ice Magic
 - Level 2.8(1.7) Air Magic
 - Level 2.8(1.7) Poison Magic


You had 38 spell levels left.
You knew the following spells:

 Your Spells              Type           Power        Failure   Level  Hunger
a - Iskenderun's Battles  Conj/Chrm      ###.....     91%         5    #####..
b - Blink                 Tloc           N/A          3%          2    None
c - Shroud of Golubria    Chrm/Tloc      ###.......   8%          2    None
d - Mephitic Cloud        Conj/Pois/Air  ##......     24%         3    None
e - Bolt of Cold          Conj/Ice       ###.......   100%        6    ######.
f - Fulminant Prism       Conj/Hex       ###.......   50%         4    ###....


Dungeon Overview and Level Annotations

Branches:
Dungeon (15/15)            Temple (1/1) D:6            Lair (8/8) D:11
 Shoals (4/4) Lair:3       Spider (4/4) Lair:3        Slime (6/6) Lair:8
    Orc (2/2) D:12            Elf (3/3) Orc:2        Vaults (5/5) D:14
  Crypt (3/3) Vaults:2       Tomb (0/3) Crypt:3      Depths (5/5) D:15
   Hell (1/1)                 Dis (0/7) Hell            Geh (6/7) Hell
    Coc (7/7) Hell            Tar (0/7) Hell            Zot (5/5) Depths:5

Altars:
Ashenzari
Cheibriados
Dithmenos
Elyvilon
Fedhas
Gozag
Kikubaaqudgha
Makhleb
Nemelex Xobeh
Okawaru
Pakellas
Qazlal
Ru
Sif Muna
Trog
Vehumet
Xom
Yredelemnul
Zin
The Shining One
Beogh
Jiyva
Lugonu

Shops:
D:5 :   D:7 %([   D:9 [   D:15 *   Orc:2 ?(:*}   Elf:1 }:   Shoals:1 (
Vaults:1 }(   Vaults:2 ?   Vaults:3 [   Depths:3 [   Depths:4 (

Portals:
Hell: Depths:1 Depths:2 Depths:3 Depths:4 Depths:5
Abyss: Depths:1 Depths:4
Pandemonium: Depths:2 Depths:3 Depths:5
Ziggurat: Depths:4


Innate Abilities, Weirdness & Mutations

You reflexively headbutt those who attack you in melee.
You have a pair of horns on your head.
You cannot be stealthy.
You cannot study or use magical devices.
You are hated by all.
You cannot study or cast Earth magic.
You cannot study or cast Necromancy magic.
You cannot study or cast Summoning magic.
Your casting is slightly disrupted.
You are somewhat unskilled (-1 Apt).
You tend to lose your temper in combat.
You are clumsy. (Dex -2)
You are somewhat resistant to further mutation.
You occasionally shout uncontrollably at your foes.
You are weak. (Str -2)


Message History

A hellion comes into view.
The hellion gives a hideous shriek!
The hellion gestures at you.
The hellfire explodes!
The burst of hellfire engulfs you! The hellion gestures at you.
The hellfire explodes!
The burst of hellfire engulfs you!
* * * LOW HITPOINT WARNING * * *
You hear a hideous shriek!
Drink which item? (? for menu, Esc to quit)
Okay, then.
The hellion begins to attack, but is stunned by your will! x2
You closely miss the hellion. The hellion gestures at you.
The hellfire explodes!
The burst of hellfire engulfs you!
* * * LOW HITPOINT WARNING * * *
The burst of hellfire engulfs the hellion.
The hellion completely resists.
The Brimstone Fiend gestures at you.
The hellfire explodes!
The blast of hellfire engulfs you!
You die...

#§§.Z....≈≈#
##≈§≈≈≈§ ≈≈§#
#≈≈.≈≈## ≈§#
#...≈≈##§≈#
+...)§§≈≈≈#
#.....)≈≈≈#
##...1..)≈≈#
+.....##..≈≈#
##∩...@###..≈≈#
#≈..≈≈≈2# ...≈#
#§≈≈§§§§.#
#...#
##≈≈§§≈§.#
##.≈§ ##≈≈§§.##
.§.. ##≈≈..#
.>. ##§2## #≈.§
#≈.


You could see a Brimstone Fiend and 2 hellions.

Vanquished Creatures
  Antaeus (Coc:7)
  the Royal Jelly (Slime:6)
  A curse toe (Zot:5)
  7 ancient liches
  Mara (Crypt:2)
  44 shard shrikes
  Saint Roka (Depths:2)
  A Killer Klown (Zot:4)
  Norris (Depths:2)
  4 caustic shrikes
  Geryon (Hell)
  6 golden dragons
  Jory (Depths:3)
  Xtahua (Crypt:1)
  11 bone dragons
  17 Brimstone Fiends
  A hellephant (Hell)
  15 tentacled monstrosities
  22 Ice Fiends
  A Hell Sentinel (Coc:6)
  7 Orb Guardians (Zot:5)
  2 deep elf blademasters (Elf:3)
  9 titans
  2 quicksilver dragons
  2 deep elf master archers (Elf:3)
  23 acid blobs
  5 eldritch tentacles
  Frances (Elf:3)
  10 death cobs
  5 sphinxes
  10 liches
  A kraken (Shoals:2)
  Gastronok (Lair:2)
  Kirke (D:15)
  9 storm dragons
  4 ancient champions
  2 draconian monks
  4 revenants
  10 tengu reavers
  A fire giant (shapeshifter) (Depths:3)
  14 azure jellies
  Ilsuiw (Shoals:4)
  6 shadow dragons
  Wiglaf (Depths:2)
  15 frost giants
  3 draconian knights
  The ghost of 4thArraOfDagon the Executioner, a journeyman HOBe of Trog (Elf:1)
  5 deep elf sorcerers
  6 draconian shifters
  2 iron dragons
  A draconian zealot (Zot:4)
  3 ghost moths
  2 draconian scorchers
  5 fire giants
  4 emperor scorpions
  6 spriggan defenders
  7 balrugs
  4 curse skulls
  15 vault wardens
  2 draconian annihilators (Zot:3)
  11 ghouls (Crypt:1)
  2 cacodemons
  3 war gargoyles
  The ghost of crawlian the Earth Mage, a journeyman DEEE of Sif Muna (Shoals:2)
  41 reapers
  9 very ugly things
  25 ironheart preservers
  33 stone giants
  4 elemental wellsprings
  3 draconian callers (Zot:3)
  8 salamander stormcallers
  3 green draconians
  4 black draconians
  9 deep elf demonologists
  151 slime creatures
  13 yellow draconians
  4 vampire knights
  A lorocyproca (Coc:7)
  5 spark wasps
  5 white draconians
  6 mottled draconians
  9 deep elf annihilators
  4 red draconians
  6 purple draconians
  Snorg (Orc:1)
  12 eidola
  21 blizzard demons
  10 deep elf death magi
  18 ettins
  5 merfolk javelineers
  34 vault guards
  Josephine (D:9)
  19 fire dragons
  13 jiangshi
  11 death oozes
  A crystal guardian (Vaults:5)
  A mummy priest (Crypt:3)
  2 kraken zombies
  5 merfolk impalers
  5 quicksilver dragon zombies
  4 rakshasas
  11 entropy weavers
  6 deep elf high priests
  22 ogre magi
  8 hydras
  A great orb of eyes (shapeshifter) (Depths:3)
  7 quicksilver dragon skeletons
  17 great orbs of eyes
  13 yaktaur captains
  A minotaur (Lab)
  50 ice dragons
  A death knight (Crypt:2)
  3 merfolk avatars
  8 merfolk aquamancers
  A hell beast (Depths:1)
  4 alligator snapping turtles
  The ghost of 4thArraOfDagon the Carver, a novice HOBe of Trog (D:10)
  A catoblepas (Lair:6)
  8 spriggan air magi
  5 vampire magi
  12 death yaks
  33 dancing weapons
  9 deep troll shamans
  4 centaur warriors
  3 tengu warriors
  7 titan zombies
  59 hell knights
  9 spriggan berserkers
  12 sun demons
  9 deep troll earth magi
  4 storm dragon zombies
  10 hell hogs
  20 deep elf knights
  7 titan skeletons
  2 iron golems (Hell)
  14 soul eaters
  Nergalle (Orc:1)
  A fire crab (Vaults:4)
  2 iron trolls
  A giant orange brain (shapeshifter) (Vaults:5)
  2 spark wasp zombies (Depths:2)
  A salamander mystic (Geh:5)
  2 unseen horrors (shapeshifter)
  11 storm dragon skeletons
  103 skeletal warriors
  4 golden dragon zombies
  3 shadow wraiths
  13 flayed ghosts
  7 sea snakes
  6 hill giants
  20 phantasmal warriors
  9 anaconda zombies
  5 ghost moth zombies
  A swamp dragon (shapeshifter) (Vaults:5)
  31 deep trolls
  5 unseen horrors
  A gelid demonspawn (Depths:2)
  7 giant orange brains
  An infernal demonspawn (Depths:3)
  5 wolf spider zombies
  2 sphinx zombies
  9 shadow dragon zombies
  12 orc knights
  45 ugly things
  An orb spider (shapeshifter) (Vaults:5)
  10 anaconda skeletons
  6 shining eyes
  A shadow demon (Geh:2)
  5 golden dragon skeletons
  10 iron dragon zombies
  21 ironbrand convokers
  30 wolf spiders
  A faun (shapeshifter) (Depths:4)
  11 orb spiders
  4 shadow dragon skeletons
  A salamander (shapeshifter) (Vaults:1)
  A harpy (shapeshifter) (Vaults:4)
  14 griffons
  2 stone giant zombies
  2 lindwurms (shapeshifter)
  2 sixfirhies
  2 tengu skeletons
  15 harpies
  9 manticores
  8 orc sorcerers (Orc:2)
  4 water nymphs
  2 wizards
  8 fauns
  9 fire giant zombies
  7 frost giant zombies
  40 necromancers
  20 cyclopes
  51 deep elf magi
  A moth of wrath (shapeshifter) (D:15)
  3 oklob plants
  6 sirens
  19 moths of wrath
  10 salamanders
  9 stone giant skeletons
  5 dire elephant zombies
  5 smoke demons
  A shock serpent zombie (Geh:5)
  12 hornets
  12 fire giant skeletons
  5 black mambas
  A centaur zombie (D:13)
  Maurice (Orc:2)
  7 iron dragon skeletons
  11 rust devils
  23 elephants
  13 frost giant skeletons
  3 ice statues
  A titan simulacrum (Depths:2)
  An elephant slug zombie (Crypt:2)
  2 molten gargoyles
  A guardian serpent (shapeshifter) (Vaults:5)
  5 spectral swamp worms (Depths:4)
  6 dire elephant skeletons
  A torpor snail (Lair:8)
  2 eyes of devastation
  16 spiny frogs
  A shock serpent skeleton (Geh:3)
  A grey draconian zombie (Crypt:1)
  16 vault sentinels
  A purple draconian zombie (Geh:4)
  3 emperor scorpion zombies
  19 hellions
  9 komodo dragons
  An alligator snapping turtle skeleton (Crypt:2)
  A kobold demonologist (Vaults:2)
  4 efreet
  44 yaktaurs
  A golden dragon simulacrum (Depths:2)
  59 ice devils
  3 anaconda simulacra
  11 demonic crawlers
  4 fire drakes
  A yellow draconian skeleton (Crypt:1)
  A guardian mummy (Crypt:3)
  32 two-headed ogres
  14 hellwings
  17 red devils
  A troll (shapeshifter) (D:15)
  8 trolls
  35 hydra zombies
  2 harpy zombies
  48 freezing wraiths
  A spriggan druid (Lair:8)
  27 tormentors
  A minotaur zombie (Lab)
  3 tengu conjurers
  2 wind drakes (shapeshifter)
  A shadow dragon simulacrum (Coc:7)
  A small abomination (Vaults:2)
  3 harpy skeletons
  34 merfolk
  31 jumping spiders
  3 wind drakes
  9 hydra skeletons
  Grinder (D:6)
  7 blink frogs
  12 bog bodies
  5 polar bears
  6 snapping turtles
  2 fire dragon zombies
  6 ice dragon zombies
  2 stone giant simulacra
  A boulder beetle (shapeshifter) (Vaults:4)
  6 boulder beetles
  A trapdoor spider zombie (D:14)
  A fire giant simulacrum (Coc:2)
  An ushabti (Crypt:3)
  12 ettin zombies
  A human simulacrum (Vaults:3)
  21 alligator zombies
  10 ice dragon skeletons
  A frost giant simulacrum (Coc:7)
  3 fire dragon skeletons
  2 iron dragon simulacra
  2 blink frogs (shapeshifter)
  19 trapdoor spiders
  36 shadows
  4 humans (D:15)
  9 ettin skeletons
  43 water elementals
  3 alligator skeletons
  3 black mamba zombies
  2 humans (shapeshifter)
  23 vampires
  45 wraiths
  61 redbacks
  14 air elementals
  8 fire bats
  21 tarantellas
  58 yaks
  89 flying skulls
  7 wyverns
  6 black mamba skeletons
  A dire elephant simulacrum (Coc:6)
  9 basilisks
  A tarantella (shapeshifter) (Depths:3)
  A hog (D:15)
  A salamander simulacrum (Vaults:3)
  A harpy simulacrum (D:15)
  25 spriggans
  14 hippogriffs
  4 hungry ghosts
  26 fire elementals
  23 deep elf fighters
  18 vampire mosquitoes
  A steam dragon (D:11)
  2 neqoxecs (Depths:2)
  18 wolves
  A hippogriff (shapeshifter) (D:15)
  2 emperor scorpion simulacra (Coc:3)
  8 golden eyes
  2 golden eyes (shapeshifter)
  2 mottled dragons (Vaults:1)
  A soldier ant (shapeshifter) (Vaults:1)
  2 spatial vortices (Geh:5)
  17 spiny frog zombies
  11 wargs
  17 water moccasins
  2 merfolk skeletons
  14 porcupines
  A deep troll skeleton (Vaults:1)
  19 ice beasts
  6 hydra simulacra
  5 spiny frog skeletons
  2 soldier ants (D:12)
  A lindwurm zombie (Crypt:1)
  32 orc warriors
  2 sky beasts
  6 black bears
  17 necrophages
  9 phantoms
  An ettin simulacrum (Coc:3)
  18 eyes of draining
  5 manticore zombies
  84 ogres
  A boggart (shapeshifter) (Vaults:5)
  2 alligator simulacra
  7 boggarts
  44 hell hounds
  4 swamp dragon zombies
  3 human zombies
  8 snapping turtle skeletons
  5 snapping turtle zombies
  17 wasps
  11 centaurs
  3 swamp dragon skeletons
  3 manticore skeletons
  12 crocodiles
  8 big kobolds
  2 elf zombies
  A merfolk simulacrum (Coc:6)
  2 elf skeletons
  An earth elemental (Elf:3)
  23 giant frogs
  A gnoll sergeant (D:9)
  A spiny frog simulacrum (Coc:3)
  3 human skeletons
  A water moccasin zombie (D:9)
  A yaktaur skeleton (Vaults:1)
  A hippogriff zombie (Crypt:1)
  10 wyvern skeletons
  4 scorpions
  A troll zombie (Coc:2)
  A warg skeleton (Crypt:1)
  2 snapping turtle simulacra
  A raiju zombie (Crypt:2)
  A yak skeleton (Crypt:1)
  24 killer bees
  A spriggan skeleton (Coc:7)
  5 electric eels
  101 wights
  3 quasits
  12 crimson imps
  3 centaur skeletons
  A black bear zombie (Crypt:2)
  40 jellies
  2 giant frog zombies
  A giant frog skeleton (Crypt:2)
  12 orc priests
  56 orc wizards
  7 hounds
  4 iron imps
  5 iguanas
  15 worker ants
  2 yak simulacra (D:12)
  5 hell rats (Hell)
  3 polar bear simulacra (D:12)
  2 naga zombies
  36 sheep
  A tengu zombie (Crypt:2)
  An ogre skeleton (Geh:2)
  3 hound skeletons
  4 mummies
  3 worker ant zombies
  12 adders
  19 gnolls
  94 river rats
  3 shadow imps
  26 white imps
  2 ufetubi (Depths:2)
  3 oozes
  2 adder skeletons
  A worm (D:4)
  13 giant geckos
  117 orcs
  11 hobgoblins
  14 jackals
  32 kobolds
  8 quokkas
  A river rat zombie (Crypt:1)
  2 ball pythons
  10 bats
  8 giant cockroaches
  2 giant gecko zombies
  5 giant newts
  14 goblins
  An orc skeleton (Geh:6)
  An orc zombie (Geh:1)
  25 rats
  6 river rat simulacra (D:12)
  A bush (Lair:6)
  5 crawling corpses
  4 fire vortices
  13 fungi
  2 macabre masses (Depths:4)
  31 plants
  6 tentacles
  2 tentacle segments (Coc:4)
4516 creatures vanquished.

Vanquished Creatures (others)
  A shard shrike (Coc:3)
  A golden dragon (Zot:4)
  A lich (Depths:5)
  An Orb Guardian (Zot:5)
  A titan (Depths:4)
  An eldritch tentacle (Coc:3)
  A storm dragon (Zot:5)
  Donald (Orc:2)
  2 ghost moths (Spider:4)
  A vault warden (Vaults:4)
  2 war gargoyles
  3 spriggan defenders
  3 stone giants
  An elemental wellspring (Coc:7)
  A vampire knight (Crypt:1)
  A deep elf demonologist (Elf:3)
  A deep elf annihilator (Elf:3)
  An ettin (Vaults:5)
  A merfolk javelineer (Shoals:4)
  A merfolk impaler (Shoals:3)
  A yaktaur captain (Vaults:5)
  2 fire dragons
  A kraken zombie (Coc:5)
  A jiangshi (Crypt:1)
  A hydra (Lair:3)
  2 ice dragons (Coc:7)
  A centaur warrior (Depths:1)
  A dancing weapon (Elf:2)
  A satyr (Shoals:2)
  A spriggan (Depths:4)
  2 skeletal warriors
  A deep troll (Depths:5)
  A sea snake (Shoals:1)
  An anaconda skeleton (Coc:4)
  A giant orange brain (Depths:5)
  A necromancer (Geh:2)
  4 wolf spiders
  A moth of wrath (Zot:1)
  A wizard (D:11)
  3 ugly things
  A cyclops (D:11)
  A stone giant skeleton (Geh:2)
  2 vault sentinels
  2 yaktaurs
  A harpy zombie (Geh:5)
  2 two-headed ogres (Vaults:3)
  2 hydra zombies
  A merfolk (Shoals:4)
  A queen bee (Spider:3)
  2 jumping spiders
  A slime creature (D:13)
  A hydra skeleton (Coc:7)
  A boulder beetle (Vaults:3)
  2 blink frogs (Lair:4)
  2 trapdoor spiders
  An air elemental (Depths:4)
  A black mamba zombie (Geh:4)
  A vampire (Coc:6)
  2 redbacks
  A wraith (Vaults:1)
  A flying skull (Geh:1)
  2 water elementals (Shoals:4)
  2 yaks
  A deep elf fighter (Elf:2)
  A hell hound (Geh:3)
  A porcupine (Lair:3)
  An orc warrior (Vaults:5)
  A wasp (Depths:4)
  6 ogres
  A boggart (Depths:3)
  5 centaurs
  An orc skeleton (Vaults:2)
  A giant frog (Lair:4)
  A crimson imp (Geh:6)
  A two-headed ogre zombie (Crypt:1)
  3 orc wizards
  An iguana (Lair:1)
  2 sheep
  7 orcs
  4 kobolds
  An orc zombie (Geh:3)
  A bush (D:11)
  130 eldritch tentacle segments
  2 fulminant prisms (Geh:6)
  26 fungi
  8 lost souls
  26 plants
  15 tentacles
  862 tentacle segments
1196 creatures vanquished.

Grand Total: 5712 creatures vanquished

Notes
Turn   | Place    | Note
--------------------------------------------------------------
     0 | D:1      | chonchonts the Minotaur Fighter began the quest for the Orb.
     0 | D:1      | Reached XP level 1. HP: 19/19 MP: 0/0
   158 | D:1      | Reached XP level 2. HP: 24/27 MP: 1/1
   331 | D:1      | Reached skill level 4 in Armour
   641 | D:2      | Reached XP level 3. HP: 25/33 MP: 2/2
   788 | D:2      | Reached XP level 4. HP: 25/40 MP: 3/3
   907 | D:2      | Found a sacrificial altar of Ru.
   945 | D:2      | Became a worshipper of Ru the Awakened
  2033 | D:4      | Reached XP level 5. HP: 47/47 MP: 4/4
  2287 | D:3      | Reached skill level 5 in Axes
  2287 | D:3      | Reached skill level 5 in Armour
  2377 | D:3      | Found an opulent altar of Gozag.
  2634 | D:3      | Reached skill level 5 in Fighting
  2648 | D:3      | Reached XP level 6. HP: 40/56 MP: 5/5
  2811 | D:3      | Gained mutation: You cannot study or use magical devices. [Ru sacrifice]
  2811 | D:3      | Reached * piety under Ru
  2811 | D:3      | Reached ** piety under Ru
  2811 | D:3      | Reached *** piety under Ru
  3311 | D:4      | Reached skill level 6 in Axes
  3789 | D:4      | Reached XP level 7. HP: 50/62 MP: 6/6
  5083 | D:5      | Entered Level 5 of the Dungeon
  5119 | D:5      | Reached skill level 7 in Axes
  5172 | D:5      | Found Tuomyes's Book Shop.
  5247 | D:5      | Got a vibrating ivory ring
  5271 | D:5      | Identified the ring of Woacvaeqax {rPois rC+ MP+9 Str+4 Dex+2} (You found it on level 5 of the Dungeon)
  5347 | D:5      | Found a stormy altar of Qazlal.
  5372 | D:5      | Reached skill level 8 in Axes
  5372 | D:5      | Reached XP level 8. HP: 57/71 MP: 7/7
  5406 | D:5      | Found a blossoming altar of Fedhas.
  5500 | D:5      | Gained mutation: You cannot be stealthy. [Ru sacrifice]
  6151 | D:5      | Found a deep blue altar of Sif Muna.
  6153 | D:5      | Found a shimmering altar of Xom.
  6427 | D:6      | Reached skill level 9 in Axes
  6669 | D:6      | Found a basalt altar of Yredelemnul.
  6671 | D:6      | Noticed Grinder
  6672 | D:6      | Paralysed by Grinder for 4 turns
  6679 | D:6      | Paralysed by Grinder for 3 turns
  6684 | D:6      | Killed Grinder
  6852 | D:6      | Found a staircase to the Ecumenical Temple.
  7031 | D:6      | Reached skill level 10 in Axes
  7097 | D:6      | Found a radiant altar of Vehumet.
  7186 | D:7      | Found a shadowy altar of Dithmenos.
  7196 | D:7      | Reached XP level 9. HP: 67/81 MP: 8/8
  7273 | D:7      | Found Fumool's Food Boutique.
  7438 | D:7      | Found a snail-covered altar of Cheibriados.
  7769 | D:7      | Found Meogito's Antique Weapon Shoppe.
  7779 | D:7      | Found Hyif Ebbofud's Antique Armour Shop.
  7810 | D:7      | Found a sparkling altar of Nemelex Xobeh.
  7921 | D:7      | Found a glowing golden altar of the Shining One.
  8163 | D:8      | You fall through a shaft for 3 floors!
  8168 | D:10     | Entered Level 10 of the Dungeon
  8251 | D:9      | Noticed a centaur warrior
  8262 | D:9      | Killed a centaur warrior
  8262 | D:9      | Reached skill level 11 in Axes
  8616 | D:9      | Noticed a komodo dragon
  8621 | D:9      | Killed a komodo dragon
  8621 | D:9      | Reached skill level 12 in Axes
  8868 | D:9      | Found Koviecum's Antique Armour Shoppe.
  9032 | D:9      | Reached XP level 10. HP: 91/91 MP: 9/9
  9127 | D:9      | Found a white marble altar of Elyvilon.
  9760 | D:9      | Reached skill level 13 in Axes
  9938 | D:9      | Reached skill level 10 in Fighting
 10204 | D:10     | Noticed Josephine
 10236 | D:8      | Reached skill level 10 in Armour
 10965 | D:8      | Gained mutation: You are hated by all. [Ru sacrifice]
 10965 | D:8      | Reached **** piety under Ru
 12080 | D:9      | Killed Josephine
 12080 | D:9      | Reached skill level 14 in Axes
 12080 | D:9      | Reached XP level 11. HP: 71/101 MP: 10/10
 12201 | D:9      | Gained mutation: You are agile. (Dex +2) [potion of beneficial mutation]
 12287 | D:10     | Got a jewelled flail
 12288 | D:10     | Identified the +8 flail "Faejamir" {crush, *Noise rElec rC+ MR+} (You found it on level 10 of the Dungeon)
 12337 | D:9      | Bought a dazzling plate armour for 700 gold pieces
 12347 | D:9      | Identified the +10 plate armour "Douk" {rElec Regen+} (You bought it in a shop on level 9 of the Dungeon)
 12565 | D:10     | Reached skill level 1 in Maces & Flails
 12583 | D:10     | Noticed 4thArraOfDagon's ghost (novice HOBe)
 12601 | D:10     | Killed 4thArraOfDagon's ghost
 13391 | D:11     | Gained mutation: You cannot study or cast Earth magic. [Ru sacrifice]
 13391 | D:11     | Gained mutation: You cannot study or cast Necromancy magic. [Ru sacrifice]
 13391 | D:11     | Gained mutation: You cannot study or cast Summoning magic. [Ru sacrifice]
 13391 | D:11     | Reached ***** piety under Ru
 13610 | D:11     | Reached skill level 5 in Maces & Flails
 13721 | D:11     | Found a staircase to the Lair.
 13917 | D:11     | Found a bloodstained altar of Trog.
 14060 | D:12     | Found a staircase to the Orcish Mines.
 14417 | D:12     | Reached XP level 12. HP: 95/108 MP: 11/11
 14435 | D:12     | Noticed an ogre mage
 14441 | D:12     | Killed an ogre mage
 14723 | D:12     | Gained mutation: Your casting is slightly disrupted. [Ru sacrifice]
 15210 | D:13     | Noticed a seven-headed hydra
 15223 | D:13     | Killed a seven-headed hydra
 15226 | D:13     | Reached skill level 15 in Armour
 15257 | D:13     | Found a labyrinth entrance.
 15281 | Lab      | Entered a labyrinth
 15528 | Lab      | Noticed a minotaur
 15533 | Lab      | Killed a minotaur
 15714 | D:13     | Noticed a five-headed hydra
 15723 | D:13     | Killed a five-headed hydra
 15747 | D:13     | Noticed a centaur warrior
 15766 | D:13     | Killed a centaur warrior
 15766 | D:13     | Reached skill level 16 in Armour
 16053 | D:13     | Reached skill level 10 in Maces & Flails
 16058 | D:13     | Reached XP level 13. HP: 111/114 MP: 12/12
 16877 | D:14     | Reached skill level 17 in Armour
 17387 | D:14     | Found a gate to the Vaults.
 17911 | D:15     | Entered Level 15 of the Dungeon
 18124 | D:15     | Found Cipnuaf's Assorted Antiques.
 18277 | D:15     | Noticed Kirke
 18281 | D:15     | Killed Kirke
 18281 | D:15     | Reached skill level 18 in Armour
 19069 | D:15     | Found a staircase to the Depths.
 19314 | Orc:1    | Entered Level 1 of the Orcish Mines
 19479 | Orc:1    | Noticed Snorg
 19491 | Orc:1    | Killed Snorg
 19491 | Orc:1    | Reached skill level 19 in Armour
 19564 | Orc:1    | Noticed Nergalle
 19574 | Orc:1    | Killed Nergalle
 19891 | Orc:1    | Reached XP level 14. HP: 122/122 MP: 13/13
 19915 | Orc:2    | Entered Level 2 of the Orcish Mines
 19934 | Orc:2    | Found Feshrojal's Book Shop.
 20095 | Orc:2    | Noticed Donald
 20110 | Orc:2    | Noticed Maurice
 20113 | Orc:2    | Killed Donald
 20181 | Orc:2    | Found Uwaezoit's Gadget Boutique.
 20181 | Orc:2    | Found Lebitrym's General Store.
 20208 | Orc:2    | Killed Maurice
 20251 | Orc:2    | Found a roughly hewn altar of Beogh.
 20366 | Orc:2    | Found a staircase to the Elven Halls.
 20417 | Orc:2    | Gained mutation: You are somewhat unskilled (-1 Apt). [Ru sacrifice]
 20417 | Orc:2    | Reduced skill Maces & Flails to level 10
 20417 | Orc:2    | Reduced skill Armour to level 18
 20417 | Orc:2    | Reached ****** piety under Ru
 20560 | Orc:2    | Found Ucexomim's Weapon Boutique.
 20560 | Orc:2    | Found Ponounn's Magic Scroll Shoppe.
 20628 | Orc:2    | Found a roughly hewn altar of Beogh.
 20977 | Lair:1   | Entered Level 1 of the Lair of Beasts
 21820 | Lair:2   | Reached skill level 19 in Armour
 22118 | Lair:2   | Noticed Gastronok
 22127 | Lair:2   | Killed Gastronok
 22145 | Lair:2   | Identified a scroll of acquirement
 22146 | Lair:2   | Got a scintillating bronze amulet
 22147 | Lair:2   | Identified the amulet "Huggeajo" {rF+ Regen+} (You acquired it on level 2 of the Lair of Beasts)
 22879 | Lair:3   | Found a staircase to the Shoals.
 23375 | Lair:3   | Found a hole to the Spider Nest.
 23853 | Lair:4   | Reached skill level 20 in Armour
 24538 | Lair:4   | Got a pair of distressingly furry gloves
 24539 | Lair:4   | Identified the +2 pair of gloves of the Spider Nest {Str+7 Int+5} (You acquired it on level 4 of the Lair of Beasts)
 25423 | Lair:6   | Reached XP level 15. HP: 126/126 MP: 14/14
 25794 | Lair:6   | Reached skill level 21 in Armour
 27202 | Lair:7   | Found a frozen archway.
 27436 | Lair:8   | Entered Level 8 of the Lair of Beasts
 27624 | Lair:8   | Reached skill level 22 in Armour
 28367 | Lair:8   | Lost mutation: You are agile. (Dex +2) [potion of cure mutation]
 28629 | Lair:8   | Found a staircase to the Slime Pits.
 28630 | Lair:8   | Found a viscous altar of Jiyva.
 28989 | Spider:1 | Entered Level 1 of the Spider Nest
 29034 | Spider:1 | Reached XP level 16. HP: 118/134 MP: 15/15
 29089 | Spider:1 | Reached skill level 23 in Armour
 29920 | Spider:2 | Got a twitching iron ring
 29921 | Spider:2 | Identified the cursed ring of Allum {rPois EV-2 Str+6 Int+3 Stlth-} (You found it on level 2 of the Spider Nest)
 30209 | Spider:2 | You fall through a shaft!
 31620 | Spider:4 | Entered Level 4 of the Spider Nest
 31911 | Spider:4 | Reached skill level 24 in Armour
 33172 | Spider:4 | Reached XP level 17. HP: 62/139 MP: 9/16
 33182 | Spider:4 | Reached skill level 10 in Fighting
 33389 | Spider:4 | Got a gossamer rune of Zot
 33671 | Elf:1    | Entered Level 1 of the Elven Halls
 33671 | Elf:1    | Found Ytwuph's Gadget Emporium.
 33934 | Elf:1    | Found Xuxithrin's Book Boutique.
 33947 | Elf:1    | Noticed 4thArraOfDagon's ghost (journeyman HOBe)
 33967 | Elf:1    | Killed 4thArraOfDagon's ghost
 34077 | Elf:1    | Reached skill level 25 in Armour
 34289 | D:15     | Bought an encrusted plate armour for 924 gold pieces
 34289 | D:15     | Identified the +2 plate armour of the Equator {Str+5} (You bought it in a shop on level 15 of the Dungeon)
 34857 | Lair:8   | Got a brightly glowing hand axe
 34858 | Lair:8   | Identified the cursed +0 hand axe of the King {chop, rElec MP+9} (You found it on level 8 of the Lair of Beasts)
 36282 | Elf:2    | Found a runed gate.
 36282 | Elf:2    | Found a runed gate.
 36282 | Elf:2    | Found a runed gate.
 36907 | Elf:3    | Entered Level 3 of the Elven Halls
 37384 | Elf:3    | Noticed Frances
 37408 | Elf:3    | Killed Frances
 37408 | Elf:3    | Reached skill level 26 in Armour
 37766 | Elf:3    | Reached XP level 18. HP: 154/154 MP: 17/17
 38295 | Elf:3    | Identified the Guide on Dark Changing
 38312 | Elf:3    | Identified the Almanac of Changing and Clay
 38405 | Elf:3    | Got an ichor-stained scale mail
 38459 | Elf:3    | Identified the +6 scale mail of the Original Sin {Str+3} (You found it on level 3 of the Elven Halls)
 38468 | Elf:3    | Identified the Disquisition on Arcane Weapons (You found it on level 3 of the Elven Halls)
 38633 | Elf:3    | Identified Sif Muna's Papyrus of Glacial Dark Rites (You found it on level 3 of the Elven Halls)
 38949 | D:7      | Bought a bloodstained plate armour for 812 gold pieces
 38949 | D:7      | Bought a scorched plate armour for 812 gold pieces
 38949 | D:7      | Identified the +7 plate armour of Loss {*Confuse rPois Int+4 Dex+2} (You bought it in a shop on level 7 of the Dungeon)
 38950 | D:7      | Identified the +6 plate armour of the World {rCorr Str+2 Dex+5} (You bought it in a shop on level 7 of the Dungeon)
 39145 | Shoals:1 | Entered Level 1 of the Shoals
 39508 | Shoals:1 | Found Wunlouge's Weapon Boutique.
 39847 | Shoals:2 | Noticed crawlian's ghost (journeyman DEEE)
 39861 | Shoals:2 | Killed crawlian's ghost
 41152 | Shoals:3 | Reached skill level 27 in Armour
 41886 | Shoals:4 | Entered Level 4 of the Shoals
 42407 | Shoals:4 | Noticed Ilsuiw
 42429 | Shoals:4 | Killed Ilsuiw
 42464 | Shoals:4 | Reached XP level 19. HP: 118/169 MP: 18/18
 42469 | Shoals:4 | Reached skill level 15 in Fighting
 43351 | Shoals:4 | Got a barnacled rune of Zot
 43744 | Vaults:1 | Entered Level 1 of the Vaults
 44405 | Vaults:1 | Found Logeic's Weapon Shoppe.
 44405 | Vaults:1 | Found Xenadif's Gadget Shop.
 45640 | Vaults:2 | Reached XP level 20. HP: 191/191 MP: 19/19
 46168 | Vaults:2 | Found Ciesug's Magic Scroll Boutique.
 46471 | Vaults:2 | Found a staircase to the Crypt.
 48640 | Vaults:3 | Found Xedghisk's Armour Shoppe.
 49326 | Vaults:3 | Found a blossoming altar of Fedhas.
 49486 | Vaults:3 | Gained mutation: You tend to lose your temper in combat. [potion of mutation]
 49486 | Vaults:3 | Gained mutation: You possess an exceptional clarity of mind. [potion of mutation]
 49486 | Vaults:3 | Gained mutation: You are agile. (Dex +2) [potion of mutation]
 49489 | Vaults:3 | Gained mutation: You are somewhat resistant to further mutation. [potion of beneficial mutation]
 49982 | Vaults:4 | Reached XP level 21. HP: 200/207 MP: 20/20
 50693 | Vaults:4 | Got a pair of crude boots
 50694 | Vaults:4 | Identified the +0 pair of boots of Ompegod {Str+7} (You acquired it on level 4 of the Vaults)
 51363 | Vaults:5 | Entered Level 5 of the Vaults
 52253 | Vaults:5 | Noticed an ancient lich
 52263 | Vaults:5 | Noticed an ancient lich
 52265 | Vaults:5 | Killed an ancient lich
 52301 | Vaults:4 | HP: 6/215 [yaktaur/poisoned bolt[a vault warden] (10)]
 52760 | Vaults:4 | Reached XP level 22. HP: 222/224 MP: 21/21
 53130 | Crypt:1  | Entered Level 1 of the Crypt
 53138 | Crypt:1  | Got a faintly glowing great sword
 53139 | Crypt:1  | Identified the +4 great sword "Vuofuqus" {speed, +Inv rF++ Int+4 Stlth-} (You found it on level 1 of the Crypt)
 53256 | Crypt:1  | Found an ancient bone altar of Kikubaaqudgha.
 53650 | Crypt:1  | Got a polished war axe {venom}
 53651 | Crypt:1  | Identified the +5 war axe "Lekut" {venom, rC+ Str+2} (You took it off a vampire on level 1 of the Crypt)
 53791 | Crypt:1  | Noticed Xtahua
 53807 | Crypt:1  | Killed Xtahua
 54852 | Crypt:2  | Noticed Mara
 56364 | Crypt:3  | Entered Level 3 of the Crypt
 56574 | Crypt:3  | Reached skill level 15 in Axes
 56710 | Crypt:3  | Found a staircase to the Tomb.
 57705 | Crypt:3  | Found an ancient bone altar of Kikubaaqudgha.
 57766 | Crypt:3  | Reached XP level 23. HP: 139/236 MP: 22/22
 58013 | Crypt:3  | Noticed an ancient lich
 58140 | Crypt:2  | Noticed chonchonts's illusion
 58477 | Depths:1 | Entered Level 1 of the Depths
 59064 | Depths:1 | Found a sparkling altar of Nemelex Xobeh.
 59441 | Shoals:1 | Bought the +11 battleaxe "Aliuvej" {chop, *Drain rF+ rN+++ Int-4 Dex+5} for 962 gold pieces
 59947 | Depths:1 | Found a gateway to Hell.
 60084 | Depths:1 | Found a corrupted altar of Lugonu.
 60084 | Depths:1 | Found a one-way gate to the infinite horrors of the Abyss.
 60191 | Depths:2 | Noticed Wiglaf
 60208 | Depths:2 | Killed Wiglaf
 60233 | Depths:2 | Noticed Saint Roka
 60253 | Depths:2 | Killed Saint Roka
 60268 | Depths:2 | Found a sparkling altar of Nemelex Xobeh.
 60358 | Depths:2 | Noticed Norris
 60366 | Depths:2 | Killed Norris
 60565 | Depths:2 | Reached skill level 27 in Fighting
 60601 | Depths:2 | Identified Sif Muna's Guide on Ensnaring Creation
 60895 | Depths:2 | Found a one-way gate leading to the halls of Pandemonium.
 61960 | Depths:3 | Found Cairon's Armour Boutique.
 62062 | Depths:3 | Noticed Jory
 62076 | Depths:3 | Killed Jory
 62208 | Depths:3 | Reached XP level 24. HP: 156/249 MP: 22/22
 62211 | Depths:3 | Noticed an ancient lich
 62217 | Depths:3 | Killed an ancient lich
 62711 | Depths:3 | Noticed an ancient lich
 62724 | Depths:3 | Killed an ancient lich
 62905 | Depths:3 | Reached skill level 5 in Dodging
 63978 | Crypt:2  | Noticed chonchonts's illusion
 63982 | Crypt:2  | Killed Mara
 64209 | Crypt:3  | Killed an ancient lich
 64224 | Crypt:3  | Identified the Grimoire of Glacial Talismans
 64228 | Crypt:3  | Identified Sif Muna's Disquisition on Unholy Secrets
 64446 | Crypt:3  | Reached skill level 10 in Dodging
 64705 | Vaults:5 | Killed an ancient lich
 65052 | Vaults:5 | Reached XP level 25. HP: 226/257 MP: 22/22
 65138 | Vaults:5 | Got a twisted rapier {venom}
 66108 | Vaults:5 | Got a silver rune of Zot
 66212 | Vaults:2 | Reached skill level 15 in Dodging
 66708 | Slime:1  | Entered Level 1 of the Pits of Slime
 67220 | Slime:2  | Gained mutation: Your magical capacity is low (-10% MP). [a shining eye]
 69427 | Slime:6  | Entered Level 6 of the Pits of Slime
 69488 | Slime:6  | Found a viscous altar of Jiyva.
 69488 | Slime:6  | Noticed the Royal Jelly
 69502 | Slime:6  | Killed the Royal Jelly
 70254 | Slime:1  | Reached XP level 26. HP: 262/266 MP: 19/19
 71278 | Depths:4 | Found Aliyck's Weapon Shop.
 72000 | Depths:4 | Found a gateway to a ziggurat.
 72309 | Depths:5 | Entered Level 5 of the Depths
 73083 | Depths:5 | Found a gate to the Realm of Zot.
 73326 | Hell     | Entered the Vestibule of Hell
 73330 | Hell     | Noticed Geryon
 73366 | Hell     | Killed Geryon
 73366 | Hell     | Reached XP level 27. HP: 245/273 MP: 19/19
 73527 | Hell     | Found a gateway to the ashen valley of Gehenna.
 73687 | Hell     | Found a gateway to the decaying netherworld of Tartarus.
 73845 | Hell     | Found a gateway to the freezing wastes of Cocytus.
 74008 | Hell     | Found a gateway to the Iron City of Dis.
 74459 | Temple   | Entered the Ecumenical Temple
 74869 | Zot:1    | Entered Level 1 of the Realm of Zot
 76597 | Zot:3    | Got a slimy morningstar
 76598 | Zot:3    | Identified the +8 morningstar of Judgement {flame, rElec MR+ Str-2 Int+5 SInv} (You found it on level 3 of the Realm of Zot)
 78227 | Zot:5    | Entered Level 5 of the Realm of Zot
 78252 | Zot:5    | Noticed a curse toe
 78284 | Zot:5    | Killed a curse toe
 78538 | Zot:5    | Noticed an ancient lich
 78548 | Zot:5    | Noticed an orb of fire
 78552 | Zot:5    | Killed an ancient lich
 78869 | Coc:1    | Entered Level 1 of Cocytus
 79519 | Coc:1    | Reached skill level 27 in Dodging
 79519 | Coc:1    | Reached skill level 1 in Spellcasting
 80918 | Vaults:5 | Learned a level 5 spell: Blade Hands
 80921 | Vaults:5 | Learned a level 2 spell: Blink
 80924 | Vaults:5 | Learned a level 2 spell: Shroud of Golubria
 80928 | Vaults:5 | Learned a level 3 spell: Mephitic Cloud
 81589 | Coc:2    | Reached skill level 1 in Translocations
 81589 | Coc:2    | Reached skill level 1 in Transmutations
 83295 | Coc:3    | Gained mutation: You are weak. (Str -2) [mutagenic glow]
 83615 | Coc:3    | Reached skill level 5 in Transmutations
 83946 | Coc:3    | Reached skill level 5 in Translocations
 84277 | Coc:4    | Reached skill level 5 in Spellcasting
 85192 | Vaults:5 | Learned a level 5 spell: Iskenderun's Battlesphere
 85196 | Vaults:5 | Learned a level 3 spell: Conjure Flame
 85622 | D:5      | Bought a book of Conjurations for 330 gold pieces
 85627 | D:5      | Learned a level 4 spell: Fulminant Prism
 88129 | Coc:4    | Reached skill level 1 in Conjurations
 88452 | Coc:4    | Reached skill level 1 in Fire Magic
 88488 | Coc:4    | Reached skill level 1 in Poison Magic
 88594 | Coc:4    | Reached skill level 1 in Hexes
 88594 | Coc:4    | Reached skill level 1 in Charms
 88668 | Coc:4    | Gained mutation: You occasionally shout uncontrollably at your foes. [mutagenic glow]
 88697 | Coc:4    | Gained mutation: Your spells are a little easier to cast, but a little less powerful. [mutagenic glow]
 88915 | Coc:5    | Lost mutation: Your spells are a little easier to cast, but a little less powerful. [potion of cure mutation]
 88915 | Coc:5    | Lost mutation: You possess an exceptional clarity of mind. [potion of cure mutation]
 88915 | Coc:5    | Lost mutation: You are agile. (Dex +2) [potion of cure mutation]
 88915 | Coc:5    | Lost mutation: Your magical capacity is low (-10% MP). [potion of cure mutation]
 88942 | Coc:5    | Lost mutation: You are weak. (Str -2) [potion of cure mutation]
 88942 | Coc:5    | Lost mutation: You tend to lose your temper in combat. [potion of cure mutation]
 88942 | Coc:5    | Lost mutation: You occasionally shout uncontrollably at your foes. [potion of cure mutation]
 91088 | Coc:6    | Reached skill level 10 in Spellcasting
 91789 | Coc:7    | Entered Level 7 of Cocytus
 92940 | Coc:7    | Noticed Antaeus
 93546 | Coc:7    | Killed Antaeus
 93907 | Coc:7    | Reached skill level 1 in Air Magic
 94103 | Coc:7    | Got an icy rune of Zot
 94109 | Coc:7    | Identified the Almanac of the Ashen Entourage
 94144 | Coc:7    | Learned a level 6 spell: Bolt of Cold
 94917 | Geh:1    | Entered Level 1 of Gehenna
 95028 | Geh:1    | Gained mutation: You tend to lose your temper in combat. [mutagenic glow]
 95094 | Geh:1    | Reached skill level 1 in Ice Magic
 95134 | Geh:1    | Gained mutation: You are clumsy. (Dex -2) [mutagenic glow]
 96352 | Geh:2    | Reached skill level 15 in Spellcasting
 97441 | Geh:3    | Gained mutation: You occasionally shout uncontrollably at your foes. [mutagenic glow]
 97479 | Geh:3    | Gained mutation: You are weak. (Str -2) [mutagenic glow]
 98256 | Geh:4    | Noticed an ancient lich
 98270 | Geh:4    | Killed an ancient lich
 99132 | Geh:5    | Reached skill level 5 in Conjurations
 99901 | Geh:6    | Killed from afar by a Brimstone Fiend

Vault maps used:
D:1:      grunt_arrival_lava_bath, minmay_misc_feat_room
D:2:      lemuel_doored_altar
D:3:      wad_lake_hut, grunt_gozag_breadcrumbs, first_bread,
          minmay_joined_circles
D:4:      minmay_rat_hole
D:5:      corexii_shantytown, grunt_temple_overflow_forces_of_nature,
          minitemple, serial_shops, nicolae_shop_behind_doors,
          gup_sewer_entry_spiral, cheibrodos_gnoll_hut
D:6:      yredelemnul_altar_generic, marbit_many_paths,
          minmay_temple_entry_hall, uniq_grinder
D:7:      nicolae_tso_carved_into_rock, old_standard_altar,
          overflow_temple_1_default, serial_shops, shop,
          nicolae_shop_behind_doors, nicolae_shop_window_shopping,
          chei_slow_surprise
D:9:      hangedman_cross_stitches, elyvilon_altar_5, serial_shops,
          kennysheep_mini
D:10:     billiards_dpeg, uniq_josephine
D:11:     minmay_lair_entry_grove, blue_anna_alchemist, trog_wizard
D:12:     david_orc_3, eino_house_with_fridge
D:13:     minmay_tri_box, lab_entry_generic, minivault_22
D:14:     david_vaults_5
D:15:     gammafunk_enter_depths_forms, serial_shops, shop, solitary_fountain,
          uniq_kirke
Temple:   temple_eino_lava_8
Lair:1:   grunt_megastairs_3
Lair:2:   grunt_megastairs_4, uniq_gastronok
Lair:3:   gammafunk_lair_bear_cave, minmay_shoals_entry_beasts,
          spider_nest_entry_rubble, lemuel_fruit_tree
Lair:4:   lemuel_old_faithful
Lair:5:   disabler_island
Lair:6:   minmay_lair_oklob_bushes
Lair:7:   portal_ice_cave_entry_pillars_01, grunt_forest_stairs_basic
Lair:8:   minmay_lair_end_enchanted_forest, slime_altar_1,
          bh_autumn_forest_stairs, grunt_megastairs_2, lemuel_fruit_fields
Shoals:1: serial_shops, shop, st_shoals_ruin
Shoals:4: shoals_end_grunt_ice, shoal_ilsuiw
Spider:3: special_room
Spider:4: grunt_spider_rune_parallel, nicolae_spider_cling_ruins
Slime:1:  nicolae_slime_phagocytosis
Slime:3:  cheibrodos_slime_lost_civilization_5
Orc:1:    uniq_snorg, uniq_nergalle
Orc:2:    st_orc_town, serial_shops, shop, mines2_david, uniq_maurice,
          uniq_donald
Elf:1:    serial_shops, shop, nicolae_shop_waterfront, hangedman_elf_represent
Elf:3:    elf_hall_gauntlet_wide, grunt_ministairs_2, sword_in_stone
Vaults:1: nicolae_vaults_rhombus_6, v_misc_17, st_eye,
          ontoclasm_vaults_ring_large, vaults_room_corners,
          nicolae_vaults_windows_and_doors_thing, nicolae_vaults_big_ls,
          v_alt_pattern_3, ontoclasm_vaults_twist, v_rooms_2,
          nicolae_vaults_three_branches, ontoclasm_vaults_decontamination,
          vaults_room_fours, serial_shops, shop, shop
Vaults:2: v_misc_23, nicolae_vaults_stairing_the_circle,
          ontoclasm_vaults_ring_square, v_misc_27, vaults_mumra_chevron,
          minmay_crypt_entry_nasty_monster, vaults_dpeg_spiral, v_misc_11,
          v_misc_22, vaults_room_corners, nicolae_vaults_little_squares_4,
          dpeg_vaults_waves, v_misc_24, serial_shops, shop
Vaults:3: ontoclasm_vaults_ring_square, hangedman_vaults_variations,
          dpeg_vaults_monster_box, vaults_room_fours, vaults_room_semicircle,
          hangedman_vaults_capsules, serial_shops, shop, basic_altar
Vaults:4: v_rooms_3, grunt_vaults_bifocal, st_spiral_rooms, v_pattern_5,
          hangedman_vaults_cutoff, vaults_standard_mumra_x, vaults_room_pools,
          vaults_dpeg_encased_lava, nicolae_vaults_alarming
Vaults:5: serial_shops
Crypt:1:  weyrava_vampire_temple, uniq_xtahua
Crypt:2:  uniq_mara
Crypt:3:  evilmike_haunted_forest
Depths:1: roderic_lattice_octagonal_star, grunt_mini_vestibule,
          abyss_entry_flame_altar, nemelex_diamond_rough_becter
Depths:2: kennysheep_six_static_rooms, nemelex_xobeh_ov_fountains_minmay,
          grunt_pan_entry_in_and_out, hell_entry, small_statue_intersection,
          minmay_misc_feat_enclosed, kennysheep_big_empty_room,
          minmay_staircase_windowed_small, uniq_norris, uniq_wiglaf,
          uniq_saint_roka
Depths:3: little_maze_vault, rand_demon_pan_entry_7, hell_entry,
          hangedman_decor_opposing, serial_shops, shop,
          minmay_staircase_statues, uniq_jory
Depths:4: grunt_arcs, enter_ziggurat_c, minmay_misc_feat_plants, serial_shops,
          shop, pf_hell_entry_tar_river, abyss_entry,
          infiniplex_staircase_zigzag_2
Depths:5: evilmike_zot_entry_diamond, pan_entry, nicolae_two_hexagons,
          grunt_hell_entry_dis_grunt
Geh:3:    nicolae_geh_single_fiery_grave
Geh:5:    hangedman_elemental_grid_stream
Coc:7:    coc_grunt_cove
Zot:3:    lemuel_baited_zot_trap
Zot:5:    grunt_ministairs_1, stair_cage_cross
Lab:      labyrinth_hidden_loot

Action                   |  1- 3 |  4- 6 |  7- 9 | 10-12 | 13-15 | 16-18 | 19-21 | 22-24 | 25-27 || total
-------------------------+-------+-------+-------+-------+-------+-------+-------+-------+-------++-------
Melee: War axe           |    69 |   107 |       |       |       |       |       |   970 |       ||  1146
       Hand axe          |       |    78 |   419 |   241 |       |       |       |       |       ||   738
       Flail             |       |       |       |   411 |  1670 |  1744 |  1938 |    93 |       ||  5856
       Battleaxe         |       |       |       |       |       |       |       |   633 |  3720 ||  4353
 Cast: Blink             |       |       |       |       |       |       |       |       |    22 ||    22
       Mephitic Cloud    |       |       |       |       |       |       |       |       |     3 ||     3
       Shroud of Golubri |       |       |       |       |       |       |       |       |     2 ||     2
       Fulminant Prism   |       |       |       |       |       |       |       |       |     2 ||     2
Invok: Sacrifice Artific |       |     1 |       |       |       |       |       |       |       ||     1
       Sacrifice Stealth |       |       |     1 |       |       |       |       |       |       ||     1
       Sacrifice Love    |       |       |       |     1 |       |       |       |       |       ||     1
       Apocalypse        |       |       |       |     1 |     2 |     4 |     4 |     2 |    14 ||    27
       Sacrifice Arcana  |       |       |       |     1 |       |       |       |       |       ||     1
       Sacrifice Essence |       |       |       |     1 |       |       |       |       |       ||     1
       Reject Sacrifices |       |       |       |       |     1 |       |       |       |       ||     1
       Draw Out Power    |       |       |       |       |     1 |       |     1 |       |       ||     2
       Sacrifice Skill   |       |       |       |       |     1 |       |       |       |       ||     1
       Power Leap        |       |       |       |       |       |     1 |       |       |     1 ||     2
  Use: Scroll            |       |     5 |    11 |     8 |    12 |    12 |     6 |    10 |    19 ||    83
       Potion            |       |     5 |     3 |     6 |     5 |     8 |    16 |     9 |    16 ||    68
 Stab: Invisible         |       |     2 |     2 |     6 |     7 |    12 |    25 |    32 |    39 ||   125
       Distracted        |       |       |     2 |     2 |    16 |    15 |    10 |    18 |    33 ||    96
       Paralysed         |       |       |       |     6 |     5 |    10 |    28 |     9 |    29 ||    87
       Confused          |       |       |       |       |       |       |       |       |     5 ||     5
  Eat: Chunk             |       |     9 |     7 |    17 |    31 |     7 |    15 |     1 |    10 ||    97
       Bread ration      |       |       |     3 |     1 |     3 |     7 |     4 |     3 |    12 ||    33
       Beef jerky        |       |       |       |       |       |     4 |       |     1 |       ||     5
       Meat ration       |       |       |       |       |       |     1 |     2 |     6 |    14 ||    23
